 Dungeon Crawl Stone Soup version 0.28-a0-630-g0357d9c091 (webtiles) character file.

Game seed: 830495903140146947

296 Conn the Sneak (level 6, 0/55 HPs)
             Began as an Octopode Fire Elementalist on Oct 9, 2021.
             Slain by an orc wizard (4 damage)
             ... on level 4 of the Dungeon.
             The game lasted 00:07:41 (3926 turns).

Conn the Sneak (Octopode Fire Elementalist)         Turns: 3926, Time: 00:07:41

Health: 0/55       AC:  1    Str:  7    XL:     6   Next: 35%
Magic:  11/11      EV: 12    Int: 20    God:
Gold:   194        SH:  5    Dex: 12    Spells: 1/12 levels left

rFire   . . .      SeeInvis .   e - staff of conjuration
rCold   . . .      Faith    +   f - +2 buckler
rNeg    . . .      Spirit   .   (helmet restricted)
rPois   .          Reflect  .   k - amulet of faith
rElec   .          Harm     .   (no ring)
rCorr   .          Rampage  .   (no ring)
Will    .....                   (no ring)
Stlth   ..........              (no ring)
HPRegen 0.18/turn               (no ring)
MPRegen 0.12/turn               (no ring)
                                (no ring)
                                (no ring)

@: berserking, flying, very quick
A: almost no armour, amphibious, 8 rings, camouflage 1, gelatinous body 1,
(nimble swimmer 1), tentacles
a: no special abilities


You were on level 4 of the Dungeon.
You visited 1 branch of the dungeon, and saw 4 of its levels.

You collected 194 gold pieces.

Inventory:

Hand Weapons
 d - a +0 short sword
 j - a +2 dagger of electrocution
Missiles
 b - 5 atropa-tipped darts (quivered)
Armour
 f - a +2 buckler (worn)
Magical Staves
 e - a staff of conjuration (weapon)
Jewellery
 k - an amulet of faith (around mantle)
 o - an amulet of magic regeneration
Scrolls
 g - 3 scrolls of identify {unknown}
 m - 2 scrolls of immolation {unknown}
Potions
 a - a potion of magic
 c - a potion of haste {unknown}
 i - 2 potions of flight


   Skills:
 + Level 0.8 Fighting
 + Level 1.4 Staves
 + Level 2.4 Dodging
 + Level 4.2 Stealth
 + Level 0.1 Shields
 + Level 3.7 Spellcasting
 + Level 2.4 Conjurations
 + Level 3.9 Fire Magic


You had one spell level left.
You knew the following spells:

 Your Spells              Type           Power      Damage    Failure   Level
a - Foxfire               Conj/Fire      96%        2x1d8     6%          1
b - Conjure Flame         Conj/Fire      24%        6-21      17%         3
c - Inner Flame           Hex/Fire       11%        N/A       28%         3
d - Flame Wave            Conj/Fire      24%        3d6       50%         4

Your spell library contained the following spells:

 Spells                   Type           Power      Damage    Failure   Level
 Sting                    Tmut/Pois      12%        1d3       22%         1
 Scorch                   Fire           38%        2d7       6%          2
 Static Discharge         Conj/Air       13%        N/A       19%         2
 Ensorcelled Hibernation  Hex/Ice        6%         N/A       32%         2
 Poisonous Vapours        Pois/Air       6%         N/A       32%         2
 Ozocubu's Armour         Ice            3%         N/A       54%         3
 Tukima's Dance           Hex            3%         N/A       54%         3
 Olgreb's Toxic Radiance  Pois           3%         N/A       91%         4
 Lightning Bolt           Conj/Air       6%         1d18      98%         5
 Ozocubu's Refrigeration  Ice            1%         4d5       100%        7
 Maxwell's Capacitive Co  Air            1%         ∞         100%        8


Dungeon Overview and Level Annotations

Branches:
Dungeon (4/15)
 Temple: D:4-7

Altars:
Yredelemnul

Shops:
D:4 *


Innate Abilities, Weirdness & Mutations

You cannot wear most types of armour.
You are amphibious.
You can wear up to eight rings at the same time.
Your skin changes colour to match your surroundings (Stealth+).
Your rubbery body absorbs attacks. (AC +1, EV +1)
((You are camouflaged near water. (Stealth+)))
You have tentacles for arms and can constrict up to eight enemies at once.


Message History

Unknown command.
You aren't carrying any items that you can evoke.
As you read the scroll labelled DEOSU MIECLO, it crumbles to dust.
You hear a loud clanging noise!
It was a scroll of noise.
You feel sick.
You hear a shout! x2
The water moccasin bites you!
* * * LOW HITPOINT WARNING * * *
You are more poisoned.
The water moccasin poisons you!
You feel better. The water moccasin bites you.
* * * LOW HITPOINT WARNING * * *
You block the water moccasin's attack.
As you read the scroll labelled VAXED GUQETAT, it crumbles to dust.
The scroll dissolves into smoke.
It was a scroll of fog.
The water moccasin bites you!
* * * LOW HITPOINT WARNING * * *
As you read the scroll labelled RAXIKHALEI, it crumbles to dust.
You assume a fearsome visage.
The water moccasin looks frightened!
The orc looks frightened!
The orc wizard looks frightened!
It was a scroll of fear.
The orc is no longer blind.
The orc wizard mumbles some strange words.
The orc wizard flickers and vanishes!
Deactivating autopickup; reactivate with Ctrl-A.
It was a potion of berserk rage.
A red film seems to cover your vision as you go berserk!
You feel yourself moving faster!
You feel mighty!
You hear some strange, mumbled words.
Something tries to affect you, but you resist.
You are too berserk!
You are too berserk!
You are too berserk!
You are too berserk!
Unknown command.
Unknown command.
Unknown command.
Unknown command.
You feel a strong urge to attack something.
You miss something. Something hits you.
You die...

(# #.# ##.......#
o###.# ##....###
.(.S.# ####.#
####S##### #.#
#oo...# #.# #####o#
#######.# #.#
#.....#.#
#.#########§###.#.#
#S##§§§§{@§§..#.#.#
#.#..S#####§#.#.#.#
#.#...# #..#....#
#.....# ###.#####
####### ###


There were no monsters in sight!

Vanquished Creatures
  A phantom (D:4)
  3 hounds
  A scorpion zombie (D:3)
  A gnoll (D:3)
  3 adders
  An adder zombie (D:3)
  2 dart slugs (D:2)
  6 ball pythons
  7 endoplasms
  3 giant cockroaches
  8 goblins
  7 hobgoblins
  7 kobolds
  2 quokkas
  6 bats
  4 frilled lizards
  A giant cockroach zombie (D:3)
  5 rats
68 creatures vanquished.

Vanquished Creatures (collateral kills)
  4 foxfires (D:3)
4 creatures vanquished.

Vanquished Creatures (others)
  192 foxfires
192 creatures vanquished.

Grand Total: 264 creatures vanquished

Notes
Turn   | Place    | Note
-------+----------+-------------------------------------------
     0 | D:1      | Conn the Octopode Fire Elementalist began the quest for the
                  | Orb.
     0 | D:1      | Reached XP level 1. HP: 11/11 MP: 3/3
   256 | D:1      | Reached XP level 2. HP: 17/17 MP: 0/5
   800 | D:1      | Found a faded altar of an unknown god.
   992 | D:1      | Reached XP level 3. HP: 21/21 MP: 0/6
  1265 | D:2      | Reached skill level 3 in Stealth
  2000 | D:2      | Reached XP level 4. HP: 25/27 MP: 6/8
  3017 | D:3      | Reached XP level 5. HP: 31/31 MP: 7/10
  3072 | D:3      | Found a basalt altar of Yredelemnul.
  3342 | D:3      | Reached skill level 1 in Staves
  3475 | D:4      | Learned a level 3 spell: Conjure Flame
  3479 | D:4      | Learned a level 3 spell: Inner Flame
  3484 | D:4      | Learned a level 4 spell: Flame Wave
  3716 | D:4      | Found Cippegh's Overcharged Wands.
  3723 | D:4      | Reached skill level 4 in Stealth
  3762 | D:4      | Reached XP level 6. HP: 37/37 MP: 11/11
  3887 | D:4      | Noticed a water moccasin
  3926 | D:4      | Slain by an orc wizard

Illustrated notes

Levels and vault maps discovered:
D:1:      tarquinn_simple_flora_water_b, layout_rooms,
          shapermc_ecumenical_altar_ellora, minmay_split_cup_large
D:2:      layout_basic
D:3:      layout_loops_ring, nicolae_yredelemnul_corpse_copse,
          cheibrodos_gnoll_hut
D:4:      minmay_polygon_palace, layout_loops_cross, zin_academy,
          serial_park_tiny_1, nicolae_shop_overcharged_wands, uniq_natasha

Skill      XL: |  1  2  3  4  5 |
---------------+----------------+-----
Stealth        | 3 4 |  4.2
Conjurations   | 2 |  2.4
Spellcasting   | 3 |  3.7
Staves         | 1 |  1.4
Fighting       | |  0.8
Dodging        | |  2.4
Shields        | |  0.1
Fire Magic     | |  3.9

Action                   |  1- 3 |  4- 6 || total
-------------------------+-------+-------++-------
Melee: Unarmed           |    14 |       ||    14
       Constrict         |     7 |     6 ||    13
       Short sword       |     3 |       ||     3
       Staff             |     6 |    21 ||    27
       Tentacles         |     3 |     2 ||     5
Throw: Dart              |       |     6 ||     6
 Cast: Foxfire           |    62 |    61 ||   123
       Conjure Flame     |       |     1 ||     1
  Use: Potion            |       |     5 ||     5
       Scroll            |       |     3 ||     3
 Stab: Sleeping          |     3 |     1 ||     4
Armor: Skin              |     5 |     2 ||     7
Dodge: Dodged            |    23 |    11 ||    34
Block: Buckler           |     1 |     8 ||     9

Table legend: (Time is in decaauts)
 A = Elapsed time spent in this place.
 B = Non-inter-level travel time spent in this place.
 C = Inter-level travel time spent in this place.
 D = Time resting spent in this place.
 E = Time spent auto-exploring this place.
 F = Levels seen in this place.
 G = Mean time per level.
                   A        B        C        D        E       F      G
               +--------+--------+--------+--------+--------+-----+--------+
         Total |   3931 |   3833 |     98 |      0 |   3055 |   4 |  982.8 |
       Dungeon |   3931 |   3833 |     98 |      0 |   3055 |   4 |  982.8 |
               +--------+--------+--------+--------+--------+-----+--------+

Top non-repeatable levels by time:
     D:3: 1339 daAuts
     D:1: 1201 daAuts
     D:2: 928 daAuts
     D:4: 463 daAuts
